 Dungeon Crawl Stone Soup version 0.26-a0-146-g24f6d3962c (webtiles) character file.

Game seed: 14034120327066262627

389 Restia the Chopper (level 7, -4/56 HPs)
             Began as a Formicid Fighter on June 29, 2020.
             Killed by divine providence
             ... invoked by an orc priest
              (14 damage)
             ... on level 5 of the Dungeon.
             The game lasted 00:04:31 (4247 turns).

Restia the Chopper (Formicid Fighter)               Turns: 4247, Time: 00:04:31

Health: -4/56      AC: 13    Str: 22    XL:     7   Next: 7%
Magic:  7/7        EV:  3    Int:  8    God:
Gold:   306        SH: 15    Dex: 10    Spells: 6/6 levels left

rFire    + . .     SeeInvis +   a - +1 war axe
rCold    . . .     Faith    .   i - +0 tower shield
rNeg     . . .     Spirit   .   j - +1 plate armour
rPois    .         Reflect  .   (helmet unavailable)
rElec    .         Harm     .   (no cloak)
rCorr    .                      (no gloves)
MR       .....                  o - +0 pair of boots (curse)
Stlth    ..........             (no amulet)
HPRegen  0.18/turn              (no ring)
MPRegen  0.10/turn              s - ring of protection from fire

@: no status effects
A: permanent stasis, dig shafts and tunnels, four strong arms, antennae 3
a: Dig, Shaft Self


You were on level 5 of the Dungeon.
You were hungry.

You visited 1 branch of the dungeon, and saw 5 of its levels.

You collected 306 gold pieces.

Inventory:

Hand Weapons
 a - a +1 war axe (weapon)
Armour
 i - a +0 tower shield (worn)
 j - a +1 plate armour (worn)
 o - a cursed +0 pair of boots (worn)
Jewellery
 s - a ring of protection from fire (right hand)
Scrolls
 b - 2 scrolls of enchant armour
 c - 2 scrolls of identify
 h - a scroll of teleportation
 k - a scroll of remove curse
 l - a scroll of fog {unknown}
 m - 3 scrolls of magic mapping
 n - a scroll of enchant weapon
Potions
 d - 3 potions of might
 e - a potion of heal wounds
 g - a potion of mutation {unknown}
 q - a potion of haste {unknown}
Comestibles
 f - 8 rations
 p - 7 chunks of flesh


   Skills:
 + Level 5.0 Fighting
 * Level 5.3 Axes
 - Level 3.2 Armour
 + Level 5.1 Shields


You had 6 spell levels left.
You didn't know any spells.
Your spell library was empty.

Dungeon Overview and Level Annotations

Branches:
Dungeon (4/15)
 Temple: D:4-7

Altars:
Ru


Innate Abilities, Weirdness & Mutations

You cannot be hasted, slowed, berserked, paralysed or teleported.
You can dig through walls and to a lower floor.
Your four strong arms can wield two-handed weapons with a shield.
You have a pair of large antennae on your head. (SInv)


Message History

* * * LOW HITPOINT WARNING * * *
You slash the orc priest!
The orc priest is heavily wounded.
The orc priest hits you with a +0 mace.
* * * LOW HITPOINT WARNING * * *
You closely miss the orc priest.
The orc priest is heavily wounded.
You block the orc priest's attack.
The orc priest hits you but does no damage.
You closely miss the orc priest.
The orc priest is heavily wounded.
The orc priest calls down the wrath of Beogh upon you.
You struggle to resist.
You slice the orc priest!!
You kill the orc priest!
Your Fighting skill increases to level 5!
You have reached level 7!
The orc priest invokes the aid of Beogh against you.
Beogh smites you!
You die...

### ##@# #o##
#
###.####.####
#............
{#.##..!.###.#
#. #.{..# #.
#...##.# #
#.### o# #. .o


You could see an orc priest.

Vanquished Creatures
  A scorpion (D:3)
  An orc priest (D:5)
  Ijyb (D:4)
  A worker ant (D:4)
  7 gnolls
  7 adders
  An adder skeleton (D:4)
  4 worms
  2 dart slugs (D:1)
  4 leopard geckos
  5 orcs
  4 bats (D:1)
  3 giant cockroaches
  6 hobgoblins
  19 jackals
  6 kobolds
  A quokka (D:2)
  4 frilled lizards
  18 goblins
  6 rats
101 creatures vanquished.

Vanquished Creatures (others)
  A fungus (D:3)
  5 toadstools (D:3)
6 creatures vanquished.

Grand Total: 107 creatures vanquished

Notes
Turn   | Place    | Note
-------+----------+-------------------------------------------
     0 | D:1      | Restia the Formicid Fighter began the quest for the Orb.
     0 | D:1      | Reached XP level 1. HP: 18/18 MP: 1/1
    57 | D:1      | Reached XP level 2. HP: 20/24 MP: 2/2
   299 | D:1      | Reached XP level 3. HP: 29/30 MP: 3/3
   929 | D:1      | Reached XP level 4. HP: 37/37 MP: 4/4
  1599 | D:2      | Found a sacrificial altar of Ru.
  2327 | D:3      | Reached XP level 5. HP: 38/42 MP: 5/5
  2655 | D:3      | Reached XP level 6. HP: 11/49 MP: 6/6
  4017 | D:4      | Noticed Ijyb
  4052 | D:4      | Killed Ijyb
  4052 | D:4      | Reached skill level 5 in Axes
  4089 | D:4      | Reached skill level 5 in Shields
  4212 | D:4      | Noticed an ice beast
  4223 | D:4      | You fall into a shaft and drop 1 floor!
  4223 | D:5      | Entered Level 5 of the Dungeon
  4247 | D:5      | Reached skill level 5 in Fighting
  4247 | D:5      | Reached XP level 7. HP: 10/56 MP: 7/7
  4247 | D:5      | Killed from afar by an orc priest

Illustrated notes

Levels and vault maps discovered:
D:1:      dpeg_arrival_solitude, layout_basic
D:2:      layout_basic, lemuel_coloured_pillars_altar
D:3:      layout_loops_cross, first_ration, minmay_gold_behind_fungi,
          minivault_14
D:4:      layout_rooms, gup_sewer_entry_bowl, uniq_ijyb
D:5:      lemuel_ratsnest, layout_loops_ring, nicolae_overflow_crystal_walls,
          minitemple

Skill      XL: |  1  2  3  4  5  6 |
---------------+-------------------+-----
Axes           | 3 4 5 |  5.3
Fighting       | 4 5 |  5.0
Shields        | 4 5 |  5.1
Armour         | |  3.2

Action                   |  1- 3 |  4- 6 |  7- 9 || total
-------------------------+-------+-------+-------++-------
Melee: War axe           |    74 |   307 |       ||   381
 Abil: Dig               |       |     3 |       ||     3
       Shaft Self        |       |     1 |       ||     1
  Use: Scroll            |       |     8 |       ||     8
  Eat: Chunk             |       |    12 |       ||    12
Armor: Scale mail        |    45 |       |       ||    45
       Plate armour      |       |   172 |       ||   172
Dodge: Dodged            |    25 |    44 |       ||    69
Block: Kite shield       |    43 |   100 |       ||   143
       Tower shield      |       |    74 |       ||    74

Table legend:
 A = Non-vault XP
 B = Vault XP
 C = Vault XP percentage of total XP
 D = Non-vault monster count
 E = Vault monster count
 F = Vault count percentage of total count
                 A         B        C        D         E       F
            +---------+---------+-------+---------+---------+-------
      Total |     513 |      44 |   7.9 |      98 |       3 |   3.0
            +---------+---------+-------+---------+---------+-------
        D:1 |      70 |       0 |   0.0 |      38 |       0 |   0.0
        D:2 |      47 |       0 |   0.0 |      23 |       0 |   0.0
        D:3 |     216 |       0 |   0.0 |      23 |       0 |   0.0
        D:4 |     127 |      44 |  25.7 |      10 |       3 |  23.1
        D:5 |      53 |       0 |   0.0 |       4 |       0 |   0.0
            +---------+---------+-------+---------+---------+-------
